 Dungeon Crawl Stone Soup version 0.31-a0-174-g85c54bcb58 (webtiles) character file.

Game seed: 2841471328126621182

316 qw the Shooter (level 6, 0/38 HPs)
             Began as a Gargoyle Hunter on June 15, 2023.
             Was an Initiate of Okawaru.
             Slain by a gnoll
             ... wielding a +0 spear
              (3 damage)
             ... on level 4 of the Dungeon.
             The game lasted 00:01:27 (3697 turns).

qw the Shooter (Gargoyle Hunter)                    Turns: 3697, Time: 00:01:27

Health: 0/38       AC:  9    Str: 14    XL:     6   Next: 44%
Magic:  6/6        EV: 10    Int: 10    God:    Okawaru [......]
Gold:   104        SH:  0    Dex: 15    Spells: 5/5 levels left

rFire   . . .        Y - +0 shortbow
rCold   . . .        (shield currently unavailable)
rNeg    + . .        a - +0 ring mail
rPois   inf          (no helmet)
rElec   +            n - scarf {repulsion}
rCorr   .            (no gloves)
SInv    .            (no boots)
Will    .....        (no amulet)
Stlth   +            (no ring)
HPRegen 0.26/turn    (no ring)
MPRegen 0.10/turn

%: repel missiles
@: no status effects
A: sickness immunity, AC +4, negative energy resistance 1, electricity
resistance, torment resistance 1, petrification resistance
a: Renounce Religion


You were on level 4 of the Dungeon.
You worshipped Okawaru.
Okawaru was noncommittal.
You visited 2 branches of the dungeon, and saw 5 of its levels.

You collected 209 gold pieces.
You spent 105 gold pieces at shops.


Innate Abilities, Weirdness & Mutations

You are immune to sickness and miasma.
Your stone body is resilient. (AC +4)
You are immune to poison.
You resist negative energy. (rN+)
You are resistant to electric shocks. (rElec)
You are resistant to unholy torment.
You are immune to petrification.


   Skills:
 - Level 4.2 Fighting
 + Level 6.6 Ranged Weapons
 - Level 1.0 Armour
 - Level 1.5 Dodging
 - Level 1.1 Stealth


You had 5 spell levels left.
You didn't know any spells.
Your spell library was empty.

Inventory:

Hand Weapons
 Y - a +0 shortbow (weapon)
Armour
 a - a +0 ring mail (worn)
 j - a +0 helmet
 k - a +0 cloak
 n - a scarf of repulsion (worn)
Wands
 h - a wand of digging (2)
Scrolls
 i - a scroll of identify
Potions
 b - a potion of magic
 c - 3 potions of attraction
 d - a potion of might
 e - a potion of curing
 f - a potion of haste {unknown}
 g - a potion of lignification

Dungeon Overview and Level Annotations

Branches:
Dungeon (4/15)             Temple (1/1) D:4

Altars:
Cheibriados
Dithmenos
Elyvilon
Fedhas
Gozag
Makhleb
Okawaru
Ru
Sif Muna
Trog
Vehumet
Xom
Yredelemnul
Zin
The Shining One

Shops:
D:3 !=:*

Annotations:
D:3 2 transporters


Message History

The gnoll hits you but does no damage.
You shoot an arrow. The arrow barely misses the gnoll.
A bat comes into view.
The gnoll hits you from afar with a +0 spear.
You shoot an arrow. The arrow hits the gnoll.
The gnoll is moderately wounded.
The gnoll barely misses you.
You shoot an arrow. The arrow hits the gnoll.
The gnoll is lightly wounded.
The gnoll misses you. The gnoll hits you but does no damage.
The bat closely misses you.
You shoot an arrow. The arrow hits the gnoll.
The gnoll is moderately wounded.
The bat hits you but does no damage. x2; The gnoll hits you but does no damage. x2
You shoot an arrow. The arrow hits the gnoll!
The gnoll is almost dead.
The bat hits you but does no damage.
The gnoll hits you from afar with a +0 spear.
The gnoll hits you but does no damage. The gnoll barely misses you. x2
You shoot an arrow. The arrow closely misses the gnoll.
The bat barely misses you.
The gnoll hits you from afar with a +0 spear.
The gnoll hits you but does no damage.
You shoot an arrow. The arrow hits the gnoll.
You kill the gnoll!
Okawaru accepts your kill. The bat closely misses you.
The gnoll closely misses you.
You shoot an arrow. The arrow hits the gnoll!
The gnoll is almost dead.
The bat barely misses you. The bat hits you but does no damage.
The gnoll hits you but does no damage.
You shoot an arrow. The arrow hits the bat.
You kill the bat!
Okawaru accepts your kill. The gnoll barely misses you.
You shoot an arrow. The arrow barely misses the gnoll.
The gnoll hits you from afar with a +0 spear.
You shoot an arrow. The arrow closely misses the gnoll.
The gnoll hits you from afar with a +0 spear.
You die...

#........#.....##.....###...
#..#.....#......###.._\##...
#..#.............###..#####)
#.?##...##.........########.
######..##.###.##.##..). #......
#...##..#####..##.###'####......
#........####...#....%.<........
#.........#....%'...............
#.........#...)@#...............
#.........#...).#...............
#...####.####)g###...<####.####.
#...####'####..# ###'#####.####(
#...........#... .............
#...........#.... ........)....
...........#...g. .............
......?....#..... ...........>.
...........#....g .............


You could see a gnoll.

Vanquished Creatures
  A necrophage (D:4)
  3 hounds (D:4)
  A hound skeleton (D:4)
  6 gnolls (D:4)
  An adder (D:3)
  2 dart slugs
  7 orcs
  8 ball pythons
  6 endoplasms
  6 giant cockroaches
  4 goblins
  2 hobgoblins
  8 kobolds
  5 quokkas
  8 bats
  5 frilled lizards
  10 rats
83 creatures vanquished.

Notes
Turn   | Place    | Note
-------+----------+-------------------------------------------
     0 | D:1      | qw the Gargoyle Hunter began the quest for the Orb.
     0 | D:1      | Reached XP level 1. HP: 12/12 MP: 1/1
     0 | D:1      | 0 ||| qw: Version: 0.2-a-29-g511e9b1
     0 | D:1      | 0 ||| qw: Game counter: 5493
     0 | D:1      | 0 ||| qw: Always use a shield: true
     0 | D:1      | 0 ||| qw: God list: Okawaru
     0 | D:1      | 0 ||| qw: Allow faded altars: false
     0 | D:1      | 0 ||| qw: Do Orc after D:15 true
     0 | D:1      | 0 ||| qw: Do second Lair branch before Depths: true
     0 | D:1      | 0 ||| qw: Lair rune preference: random
     0 | D:1      | 0 ||| qw: Plans: Normal, Zot:1-4, Slime:5, God:TSO, Crypt,
                  | Tomb, Abyss, Pan, Hells, Win
     0 | D:1      | 0 ||| PLANNING D:1-11
   117 | D:1      | Reached XP level 2. HP: 17/17 MP: 2/2
   414 | D:1      | Found a shimmering blue altar of Sif Muna.
   495 | D:1      | Reached XP level 3. HP: 21/21 MP: 3/3
   586 | D:1      | Reached skill level 5 in Ranged Weapons
   936 | D:1      | 936 ||| READING scroll labelled PARAOB KIETU.
   937 | D:1      | 937 ||| READING 3 scrolls labelled YCRANE CORI.
   938 | D:1      | 938 ||| READING scroll labelled WUDAEM QUEHY.
   943 | D:1      | 943 ||| READING 2 scrolls labelled IQUSETHOGUCI.
   944 | D:1      | 944 ||| READING 4 scrolls labelled WEOWATW KUZOTS.
   945 | D:1      | 945 ||| READING 3 scrolls of identify.
   945 | D:1      | 945 ||| IDENTIFYING inky potion
   946 | D:1      | 946 ||| DROPPING scroll of butterflies.
   947 | D:1      | 947 ||| DROPPING 2 scrolls of poison.
   948 | D:1      | 948 ||| DROPPING scroll of fear.
  1759 | D:2      | 1759 ||| UPGRADING to +0 ring mail.
  1769 | D:2      | 1769 ||| DROPPING +0 leather armour.
  1770 | D:2      | 1770 ||| READING scroll labelled FEMIHI BYBLA.
  1871 | D:2      | 1871 ||| READING 2 scrolls labelled LUCREXKOYL.
  1886 | D:2      | 1886 ||| READING 2 scrolls of identify.
  1886 | D:2      | 1886 ||| IDENTIFYING lumpy silvery potion
  1887 | D:2      | 1887 ||| DROPPING scroll of torment.
  1931 | D:3      | Reached skill level 1 in Armour
  1942 | D:3      | Found Mink's Distillery.
  1953 | D:3      | 1953 ||| BUYING potion of attraction (30 gold).
  1953 | D:3      | Bought a potion of attraction for 30 gold pieces
  1953 | D:3      | 1953 ||| BUYING potion of attraction (30 gold).
  1953 | D:3      | Bought a potion of attraction for 30 gold pieces
  1953 | D:3      | 1953 ||| SHOPLISTING potion of haste (100 gold, have 25).
  1953 | D:3      | 1953 ||| SHOPLISTING potion of heal wounds (50 gold, have
                  | 25).
  1953 | D:3      | 1953 ||| SHOPLISTING potion of magic (80 gold, have 25).
  1953 | D:3      | 1953 ||| SHOPLISTING potion of might (40 gold, have 25).
  1953 | D:3      | 1953 ||| SHOPLISTING potion of resistance (100 gold, have
                  | 25).
  1963 | D:3      | Reached skill level 3 in Fighting
  1963 | D:3      | Reached XP level 4. HP: 28/28 MP: 4/4
  2012 | D:3      | Found Cokhliny's Jewellery Emporium.
  2020 | D:3      | 2020 ||| SHOPLISTING amulet "Losiud" {Acrobat Fly Str-4
                  | Dex+3} (407 gold, have 25).
  2020 | D:3      | 2020 ||| SHOPLISTING amulet of the acrobat (330 gold, have
                  | 25).
  2020 | D:3      | 2020 ||| SHOPLISTING ring "Uvunn" {Contam Fly rElec rPois
                  | rF+} (408 gold, have 25).
  2020 | D:3      | 2020 ||| SHOPLISTING ring of Gozag's Reproof {Contam Str-4
                  | Dex+6 SInv Stlth+} (257 gold, have 25).
  2020 | D:3      | 2020 ||| SHOPLISTING ring of see invisible (165 gold, have
                  | 25).
  2020 | D:3      | 2020 ||| SHOPLISTING ring of willpower (275 gold, have 25).
  2176 | D:3      | Found a transporter.
  2412 | D:3      | Found a transporter.
  2423 | D:3      | Found Ylliog's Book Shop.
  2471 | D:3      | Found Moipruer's General Store.
  2481 | D:3      | 2481 ||| BUYING +0 cloak (45 gold).
  2481 | D:3      | Bought a +0 cloak for 45 gold pieces
  2481 | D:3      | 2481 ||| SHOPLISTING +5 orcbow of freezing (333 gold, have
                  | 51).
  2481 | D:3      | 2481 ||| SHOPLISTING scroll of brand weapon (95 gold, have
                  | 51).
  2522 | D:3      | 2522 ||| UPGRADING to +0 cloak.
  2527 | D:3      | 2527 ||| DRINKING 2 fuming brown potions.
  2693 | D:4      | Reached XP level 5. HP: 24/32 MP: 5/5
  2755 | D:4      | Reached skill level 6 in Ranged Weapons
  2956 | D:4      | Found a staircase to the Ecumenical Temple.
  2957 | D:4      | 2957 ||| PLANNING TEMPLE
  2957 | D:4      | 2957 ||| UPGRADING to scarf of repulsion.
  2967 | D:4      | 2967 ||| READING scroll labelled SIOMME PIENOSCH.
  2968 | D:4      | 2968 ||| DRINKING 2 fizzy white potions.
  2969 | D:4      | 2969 ||| READING 2 scrolls of identify.
  2969 | D:4      | 2969 ||| IDENTIFYING cyan potion
  2970 | D:4      | 2970 ||| DROPPING potion of enlightenment.
  2976 | Temple   | Entered the Ecumenical Temple
  3181 | Temple   | 3181 ||| PLANNING OKAWARU WORSHIP
  3245 | Temple   | Became a worshipper of Warmaster Okawaru
  3246 | Temple   | 3246 ||| PLANNING D:1-11
  3321 | D:4      | Found a burning altar of Makhleb.
  3350 | D:4      | Reached XP level 6. HP: 32/38 MP: 6/6
  3424 | D:4      | 3424 ||| Stepping ~*~*~tactically~*~*~ (outnumbered).
  3427 | D:4      | 3427 ||| Stepping ~*~*~tactically~*~*~ (outnumbered).
  3436 | D:4      | HP: 2/38 [gnoll/+0 halberd (11)]
  3437 | D:4      | 3437 ||| READING scroll of teleportation.
  3674 | D:4      | 3674 ||| Stepping ~*~*~tactically~*~*~ (outnumbered).
  3686 | D:4      | HP: 9/38 [gnoll/+0 spear (3)]
  3691 | D:4      | HP: 6/38 [gnoll/+0 spear (1)]
  3696 | D:4      | HP: 3/38 [gnoll/+0 spear (2)]
  3697 | D:4      | Slain by a gnoll

Levels and vault maps discovered:
D:1:      giann_horns, layout_loops_corners, st_stairs_5, minmay_hexomino_r4
D:2:      layout_loops_corners
D:3:      layout_basic, serial_curves, eino_curves_03, eino_curves_01,
          serial_shops, shop, nicolae_shop_hallway_stairs,
          nicolae_shop_drivethru, nicolae_shop_trees
D:4:      layout_gridville, makhleb_blood_cavern_becter,
          nicolae_wu_jian_glorious_leap, minmay_temple_entry_fiery, nrook_uturn,
          roderic_batcave
Temple:   minmay_temple_curvy_branch

Skill      XL: |  1  2  3  4  5 |
---------------+----------------+-----
Ranged Weapons | 5 6 |  6.6
Armour         | 1 |  1.0
Fighting       | 3 4 |  4.2
Dodging        | |  1.5
Stealth        | |  1.1

Action                     |  1- 3 |  4- 6 || total
---------------------------+-------+-------++-------
   Fire: Shortbow          |   156 |   188 ||   344
    Use: Scroll            |     9 |     3 ||    12
         Potion            |       |     2 ||     2
 Armour: Leather armour    |    20 |       ||    20
         Ring mail         |     2 |    75 ||    77
  Dodge: Dodged            |    38 |    74 ||   112

Table legend:
 A = Non-vault XP
 B = Vault XP
 C = Vault XP percentage of total XP
 D = Non-vault monster count
 E = Vault monster count
 F = Vault count percentage of total count
                 A         B        C        D         E       F
            +---------+---------+-------+---------+---------+-------
      Total |     341 |     111 |  24.6 |      73 |      10 |  12.0
            +---------+---------+-------+---------+---------+-------
        D:1 |      36 |       7 |  16.3 |      21 |       5 |  19.2
        D:2 |      24 |       0 |   0.0 |      17 |       0 |   0.0
        D:3 |      45 |       0 |   0.0 |      15 |       0 |   0.0
        D:4 |     236 |     104 |  30.6 |      20 |       5 |  20.0
            +---------+---------+-------+---------+---------+-------
